 Dungeon Crawl Stone Soup version 0.20.1-1-g8b1a95d (webtiles) character file.

1533 Kingsmith the Blocker (level 8, -3/70 HPs)
             Began as a Minotaur Fighter on Dec 11, 2017.
             Slain by an orc warrior
             ... wielding a +0 scimitar
              (12 damage)
             ... on level 6 of the Dungeon.
             The game lasted 00:08:06 (5543 turns).

Kingsmith the Blocker (Minotaur Fighter)            Turns: 5543, Time: 00:08:06

Health: -3/70      AC:  8    Str: 22    XL:     8   Next: 55%
Magic:  7/7        EV:  9    Int:  5    God:
Gold:   155        SH: 14    Dex: 11    Spells: 7/7 levels left

rFire    . . .     SeeInvis .   a - +1 long sword
rCold    . . .     Gourm    .   c - +1 shield
rNeg     . . .     Faith    .   b - +0 scale mail
rPois    .         Spirit   .   (helmet restricted)
rElec    .         Reflect  .   (no cloak)
rCorr    .         Harm     .   k - +0 pair of gloves
MR       .....                  (no boots)
Stlth    ..........             (no amulet)
Regen    0.3/turn               (no ring)
MPRegen  0.1/turn               (no ring)

@: very slightly contaminated, invisible
A: retaliatory headbutt, horns 2
a: no special abilities


You were on level 6 of the Dungeon.
You were hungry.

You visited 2 branches of the dungeon, and saw 7 of its levels.
You also visited: Ossuary.

You collected 155 gold pieces.

Inventory:

Hand Weapons
 a - a +1 long sword (weapon)
Armour
 b - a +0 scale mail (worn)
 c - a +1 shield (worn)
 k - a +0 pair of gloves (worn)
Jewellery
 t - an uncursed ring of flight {unknown}
 C - an uncursed amulet of harm
 E - an uncursed amulet of harm
 H - an uncursed ring of protection from magic
Wands
 y - a wand of polymorph (12/24)
Scrolls
 d - a scroll of summoning {unknown}
 e - 2 scrolls of remove curse
 l - a scroll of recharging
 m - a scroll of blinking {unknown}
 n - a scroll of immolation {unknown}
 p - 2 scrolls of enchant armour
 q - a scroll of enchant weapon
 s - a scroll of random uselessness
 u - 2 scrolls of fog
 w - a scroll of fear {unknown}
 A - 2 scrolls of teleportation {unknown}
 F - a scroll of torment {unknown}
Potions
 h - a potion of brilliance
 o - a potion of lignification
 r - a potion of ambrosia
 v - a potion of curing
 z - 2 potions of flight
 B - a potion of agility {unknown}
 G - a potion of cancellation {unknown}
Comestibles
 f - 3 bread rations
 g - 5 fruits
 i - a royal jelly


   Skills:
 + Level 6.2 Fighting
 - Level 2.4 Long Blades
 - Level 3.6 Armour
 - Level 12.0 Shields


You had 7 spell levels left.
You didn't know any spells.

Dungeon Overview and Level Annotations

Branches:
Dungeon (6/15)             Temple (1/1) D:5

Altars:
Ashenzari
Dithmenos
Elyvilon
Fedhas
Gozag
Hepliaklqana
Nemelex Xobeh
Okawaru
Qazlal
Ru
Trog
Uskayaw
Vehumet
Xom
Yredelemnul
Zin

Shops:
D:5 !


Innate Abilities, Weirdness & Mutations

You reflexively headbutt those who attack you in melee.
You have a pair of horns on your head.


Message History

Your scale mail prevents you from hitting the orc warrior.
The orc warrior is heavily wounded.
The orc warrior hits you but does no damage.
The orc closely misses you.
You hit the orc warrior but do no damage.
Your headbutt misses the orc warrior.
The orc warrior is heavily wounded.
You block the orc warrior's attack.
Your scale mail prevents you from hitting the orc warrior.
Your headbutt misses the orc warrior.
The orc warrior is heavily wounded.
You block the orc's attack. You block the orc warrior's attack.
You closely miss the orc warrior.
The orc warrior is heavily wounded.
The orc closely misses you. You block the orc warrior's attack.
You barely miss the orc warrior.
The orc warrior is heavily wounded.
You block the orc's attack.
The orc warrior hits you with a scimitar!
You die...

,,,,,#......########*
,,,,,#..o.(.........*
,,,,,#..............*
,,,,,+...?..........*
****+#..............*
,,,,...##'##........*
,,,....#.....######.*
,,,....#.....#....#,*
,,,..,,#.....###@.#,*
,,,,,.....#..)(oo.#,*
*****####.##.###..#,*
,,* *.,...#....#,*
,,* #.....######,*
,,* #......,,,,,,*
,,* #......,,,,,**
*** #######******


You could see an orc warrior and an orc.

Vanquished Creatures
  2 sky beasts (D:5)
  An ogre (D:6)
  The ghost of Kingsmith the Shield-Bearer, an amateur TeFi (D:3)
  2 wyvern zombies (Ossuary)
  2 scorpions (D:5)
  A centaur zombie (Ossuary)
  3 hounds
  3 bullfrog zombies (Ossuary)
  An orc priest (D:6)
  13 mummies (Ossuary)
  3 iguanas
  2 orc wizards
  4 worker ants
  A hound zombie (Ossuary)
  A howler monkey zombie (Ossuary)
  2 worker ant zombies
  7 adders
  An ooze (D:1)
  2 adder zombies (Ossuary)
  3 dart slugs
  4 leopard geckos
  16 orcs
  3 giant cockroaches
  10 goblins
  8 hobgoblins
  6 jackals (D:4)
  2 quokkas
  4 ball pythons
  9 bats
  10 frilled lizards
  A giant cockroach zombie (Ossuary)
  A jackal skeleton (D:5)
  4 kobolds
  2 quokka zombies (D:6)
  6 rats
141 creatures vanquished.

Vanquished Creatures (others)
  5 withered plants (Ossuary)
5 creatures vanquished.

Grand Total: 146 creatures vanquished

Notes
Turn   | Place    | Note
-------+----------+-------------------------------------------
     0 | D:1      | Kingsmith the Minotaur Fighter began the quest for the Orb.
     0 | D:1      | Reached XP level 1. HP: 19/19 MP: 0/0
   140 | D:1      | Reached skill level 4 in Shields
   192 | D:1      | Reached XP level 2. HP: 26/26 MP: 1/1
   541 | D:1      | Reached skill level 5 in Shields
   678 | D:1      | Reached XP level 3. HP: 31/31 MP: 2/2
  1316 | D:2      | Reached XP level 4. HP: 39/39 MP: 3/3
  1431 | D:2      | Reached skill level 6 in Shields
  1822 | D:3      | Noticed Kingsmith's ghost (amateur TeFi)
  1831 | D:3      | Killed Kingsmith's ghost
  1831 | D:3      | Reached skill level 7 in Shields
  1831 | D:3      | Reached XP level 5. HP: 35/45 MP: 4/4
  2304 | D:4      | Reached skill level 8 in Shields
  2304 | D:4      | Reached XP level 6. HP: 47/51 MP: 5/5
  2851 | D:5      | Entered Level 5 of the Dungeon
  2890 | D:5      | Reached skill level 9 in Shields
  2894 | D:5      | Found Ilepn's Distillery.
  2924 | D:5      | Noticed a sky beast
  2936 | D:5      | Killed a sky beast
  2936 | D:5      | Reached XP level 7. HP: 49/57 MP: 6/6
  3469 | D:5      | Reached skill level 10 in Shields
  3499 | D:5      | HP: 3/85 [sky beast (6)]
  3929 | D:5      | Found a staircase to the Ecumenical Temple.
  3976 | Temple   | Entered the Ecumenical Temple
  4444 | D:6      | Found a sand-covered staircase.
  4451 | Ossuary  | Entered an ossuary
  4461 | Ossuary  | Reached skill level 11 in Shields
  4754 | Ossuary  | Reached XP level 8. HP: 59/64 MP: 7/7
  4794 | Ossuary  | Reached skill level 12 in Shields
  5288 | Ossuary  | Reached skill level 5 in Fighting
  5528 | D:6      | HP: 1/70 [orc warrior/scimitar (11)]
  5543 | D:6      | Slain by an orc warrior

Skill      XL: |  1  2  3  4  5  6  7  8 |
---------------+-------------------------+-----
Shields        | 4 5 7 8 9 11 12 | 12.0
Fighting       | 6 |  6.2
Long Blades    | |  2.4
Armour         | |  3.6

Action                   |  1- 3 |  4- 6 |  7- 9 || total
-------------------------+-------+-------+-------++-------
Melee: Long sword        |    89 |   155 |   234 ||   478
       Headbutt          |    14 |    27 |    48 ||    89
  Use: Potion            |       |     1 |    10 ||    11
       Scroll            |       |       |    11 ||    11
  Eat: Chunk             |     1 |     6 |     3 ||    10
       Fruit             |       |       |     1 ||     1
       Bread ration      |       |       |     1 ||     1
Armor: Scale mail        |    28 |    69 |    68 ||   165
       Skin              |       |       |    11 ||    11
Dodge: Dodged            |    18 |    60 |    59 ||   137
Block: Shield            |    53 |    95 |   169 ||   317
       Rpst.: Long sword |     6 |    14 |    15 ||    35
